[Event "3rd FIDE WCCC Blitz U12 2019"]
[Site "Minsk"]
[Date "2019.08.18"]
[Round "7.5"]
[White "Cherniaiev, Tykhon"]
[Black "Hoang, Minh Hieu"]
[Result "0-1"]
[ECO "C00"]
[WhiteElo "2112"]
[BlackElo "1685"]
[Annotator "NA"]
[PlyCount "172"]
[EventDate "2019.08.18"]
[EventType "swiss"]
[EventCountry "BLR"]
[SourceTitle "playchess.com"]
[Source "ChessBase"]
[SourceQuality "1"]
[TimeControl "300+2"]

1. e4 e6 2. Nc3 d5 3. g3 c5 4. exd5 exd5 5. Bg2 Be6 6. d3 Nc6 7. Nge2 Nf6 8. O-O Be7 9. Bg5 O-O 10. Nf4 h6 11. Bxf6 Bxf6 12. Nfxd5 Bxd5 13. Nxd5 Bxb2 14. Rb1 Bd4 15. Rxb7 Rb8 16. Rxb8 Nxb8 17. c3 Be5 18. Qa4 Qd7 19. Qe4 Bd6 20. Re1 Na6 21. h4 Rb8 22. Ne7+ Kh8 23. Nf5 Bf8 24. Ne3 Nc7 25. Qc4 Rd8 26. Rd1 Kg8 27. d4 Qb5 28. Qxb5 Nxb5 29. dxc5 Rxd1+ 30. Nxd1 Bxc5 31. Kf1 Kf8 32. Ke2 Ke7 33. Kd3 Kd6 34. Ne3 g6 35. Nc4+ Ke6 36. Ne3 Kd6 37. Bf3 Nc7 38. h5 Ne6 39. hxg6 fxg6 40. Be4 Nf8 41. f4 Ke6 42. Ng4 h5 43. Ne3 Bd6 44. Ng2 Kf6 45. Ke3 g5 46. fxg5+ Kxg5 47. Kf2 Ne6 48. Nh4 Nc5 49. Bc2 Kg4 50. Bf5+ Kg5 51. Kf3 Na4 52. c4 Nc3 53. Bc2 Nxa2 54. Nf5 Bf8 55. Ne3 Nb4 56. Ba4 Bc5 57. Nf1 a5 58. Nh2 Nd3 59. Ke4 Nb2 60. Bb3 a4 61. Ba2 a3 62. Kd5 Nd3 63. Nf3+ Kg4 64. Ne5+ Nxe5 65. Kxc5 Kxg3 66. Kd5 Nxc4 67. Bxc4 h4 68. Kc5 h3 69. Kb4 h2 70. Bd5 a2 71. Bxa2 h1=Q 72. Bc4 Qb1+ 73. Kc3 Kf4 74. Kd4 Qd1+ 75. Kc5 Ke5 76. Kb4 Qc2 77. Kb5 Kd4 78. Bf1 Qc5+ 79. Ka4 Qb6 80. Be2 Kc3 81. Bb5 Kd4 82. Bf1 Kc5 83. Ka3 Qb4+ 84. Ka2 Kd4 85. Be2 Kc3 86. Bd1 Qb2# 0-1

[Event "3rd FIDE WCCC Blitz U12 2019"]
[Site "Minsk"]
[Date "2019.08.18"]
[Round "7.6"]
[White "Burbach, Brunel Baron"]
[Black "Khubukshanov, Erdem"]
[Result "0-1"]
[ECO "B31"]
[WhiteElo "1548"]
[BlackElo "2257"]
[Annotator "NA"]
[PlyCount "56"]
[EventDate "2019.08.18"]
[EventType "swiss"]
[EventCountry "BLR"]
[SourceTitle "playchess.com"]
[Source "ChessBase"]
[SourceQuality "1"]
[TimeControl "300+2"]

1. e4 c5 2. Nf3 Nc6 3. Bb5 g6 4. c3 Nf6 5. d3 Bg7 6. O-O O-O 7. Be3 d6 8. Nbd2 Qb6 9. Bxc6 Qxc6 10. Re1 b6 11. Qc2 Bb7 12. Rac1 Rac8 13. h3 a6 14. a3 b5 15. b4 cxb4 16. axb4 Nd7 17. Nd4 Qc7 18. Qb2 d5 19. exd5 Bxd5 20. c4 bxc4 21. dxc4 Ba8 22. Qa3 Qb7 23. N2f3 f5 24. Ne6 Rf7 25. Nxg7 Rxg7 26. Bh6 Rf7 27. Rcd1 Rxc4 28. Be3 Ne5 0-1

[Event "3rd FIDE WCCC Blitz U12 2019"]
[Site "Minsk"]
[Date "2019.08.18"]
[Round "8.1"]
[White "Strybuk, Artsiom I"]
[Black "Chyndygyr, Tamerlan"]
[Result "1-0"]
[ECO "D30"]
[WhiteElo "2200"]
[BlackElo "1984"]
[Annotator "ChessBase"]
[PlyCount "121"]
[EventDate "2019.08.18"]
[EventType "swiss"]
[EventCountry "BLR"]
[SourceTitle "playchess.com"]
[Source "ChessBase"]
[SourceQuality "1"]
[TimeControl "300+2"]

1. d4 d5 2. c4 e6 3. g3 c6 4. Nf3 Nf6 5. Bg2 dxc4 6. Ne5 Nbd7 7. Nxc4 Be7 8. O-O O-O 9. Nc3 c5 10. dxc5 Nxc5 11. Bf4 Bd7 12. b4 Na6 13. Bxb7 Bxb4 14. Bxa6 Bxc3 15. Rc1 Bb4 16. Bb7 Nd5 17. Bxa8 Qxa8 18. Bd6 Bxd6 19. Nxd6 Bc6 20. Qc2 Bd7 21. Rfd1 Qb8 22. Nc4 Rc8 23. Qd2 Bb5 24. Ne3 Rxc1 25. Rxc1 Nf6 26. Qb4 Qe8 27. Qc3 Bd7 28. Qc7 a6 29. Rb1 Qe7 30. Rb8+ Ne8 31. Nc4 Kf8 32. Nd6 f6 33. Nxe8 Bxe8 34. Qxe7+ Kxe7 35. Rb7+ Kf8 36. Rb6 Bb5 37. Rxe6 Kf7 38. Re3 h5 39. Kf1 g5 40. h4 Kg6 41. Ke1 Kf5 42. Kd2 gxh4 43. gxh4 Kg4 44. Re4+ Kf5 45. f3 Bc6 46. Rd4 Ke5 47. Ke3 f5 48. Rd8 f4+ 49. Kd2 Kf5 50. Rd4 Ke5 51. Rb4 Kf5 52. a4 Ke5 53. a5 Bb5 54. Rxb5+ axb5 55. Kc3 Kd6 56. Kb4 Kc6 57. a6 Kb6 58. a7 Kxa7 59. Kxb5 Kb7 60. Kc5 Kc7 61. Kd5 1-0

[Event "3rd FIDE WCCC Blitz U12 2019"]
[Site "Minsk"]
[Date "2019.08.18"]
[Round "8.2"]
[White "Kolesov, Gordey"]
[Black "Mochalov, Dmitriy"]
[Result "0-1"]
[ECO "E68"]
[WhiteElo "1761"]
[BlackElo "1852"]
[Annotator "NA"]
[PlyCount "194"]
[EventDate "2019.08.18"]
[EventType "swiss"]
[EventCountry "BLR"]
[SourceTitle "playchess.com"]
[Source "ChessBase"]
[SourceQuality "1"]
[TimeControl "300+2"]

1. d4 Nf6 2. Nf3 g6 3. g3 Bg7 4. Bg2 O-O 5. O-O d6 6. c4 Nbd7 7. Nc3 e5 8. e4 a5 9. h3 Re8 10. Re1 c6 11. Be3 Qe7 12. Qc2 exd4 13. Nxd4 Nc5 14. Bg5 h6 15. Bxf6 Qxf6 16. Rad1 Qe7 17. b3 h5 18. h4 Bd7 19. a3 Ne6 20. Nxe6 Bxe6 21. Ne2 a4 22. b4 Bd7 23. Nc3 Be6 24. Bf1 Bg4 25. Be2 Bxe2 26. Rxe2 Qe5 27. Rd3 b5 28. cxb5 cxb5 29. Nd5 Rac8 30. Qd1 Rc4 31. Ne3 Rxe4 32. Rxd6 Rd4 33. Rxd4 Qxd4 34. Rd2 Qa1 35. Qxa1 Bxa1 36. Nd5 Re1+ 37. Kg2 Rc1 38. Re2 Kg7 39. Kf3 Bd4 40. Ke4 Ba7 41. f4 Ra1 42. Nc3 Bb6 43. Nxb5 Rc1 44. Rd2 Rc4+ 45. Kd5 Rc1 46. Re2 Kf8 47. Nd6 Kg7 48. Re7 Bf2 49. Rxf7+ Kg8 50. Rb7 Bxg3 51. Ra7 Bxf4 52. Nc4 Rd1+ 53. Kc5 Bg3 54. Ra6 Kg7 55. Rxa4 Bxh4 56. b5 Bf2+ 57. Kc6 Rb1 58. b6 h4 59. b7 Bg3 60. Ne3 h3 61. Ra7 Kh6 62. Ng4+ Kg5 63. Ne3 h2 64. Ra5+ Kf6 65. Ng4+ Ke6 66. Nxh2 Bxh2 67. Ra4 g5 68. Rg4 Kf5 69. Rg2 Bf4 70. a4 Ra1 71. Kb5 Rb1+ 72. Kc6 g4 73. a5 Rc1+ 74. Kb6 Rb1+ 75. Kc6 Ra1 76. Kb6 Be3+ 77. Kb5 Bf4 78. Rf2 Rb1+ 79. Kc6 g3 80. Rg2 Kg4 81. a6 Kf3 82. Ra2 Be3 83. Ra3 g2 84. Rxe3+ Kxe3 85. a7 g1=Q 86. a8=Q Qg6+ 87. Kc7 Qf7+ 88. Kc6 Rc1+ 89. Kb6 Qe6+ 90. Kb5 Rb1+ 91. Kc5 Qe5+ 92. Kc6 Qe4+ 93. Kc7 Rc1+ 94. Kd7 Qd5+ 95. Ke7 Rc7+ 96. Ke8 Qf7+ 97. Kd8 Qd7# 0-1

[Event "3rd FIDE WCCC Blitz U12 2019"]
[Site "Minsk"]
[Date "2019.08.18"]
[Round "8.3"]
[White "Navumenka, Mikhei"]
[Black "Khubukshanov, Erdem"]
[Result "0-1"]
[ECO "D30"]
[WhiteElo "2148"]
[BlackElo "2257"]
[Annotator "ChessBase"]
[PlyCount "90"]
[EventDate "2019.08.18"]
[EventType "swiss"]
[EventCountry "BLR"]
[SourceTitle "playchess.com"]
[Source "ChessBase"]
[SourceQuality "1"]
[TimeControl "300+2"]

1. d4 d5 2. c4 e6 3. Nf3 c6 4. g3 dxc4 5. Bg2 Nd7 6. O-O Ngf6 7. a4 Be7 8. Na3 Bxa3 9. Rxa3 O-O 10. b3 cxb3 11. Rxb3 Nb6 12. Ba3 Re8 13. Rb1 Nc4 14. Bb4 a5 15. Bc3 Nd5 16. Be1 Nd6 17. Ne5 f6 18. Nd3 Nc7 19. e4 Nf7 20. Bc3 b5 21. Nc5 b4 22. Bb2 Na6 23. Rc1 Nxc5 24. Rxc5 Bb7 25. Qb3 Qe7 26. Rd1 e5 27. Rdc1 exd4 28. Bxd4 Red8 29. Ba1 Kh8 30. f4 Rd2 31. Qe3 Rad8 32. h3 R8d3 33. Qe1 Ra2 34. R5c2 Rxc2 35. Rxc2 c5 36. e5 Bxg2 37. Kxg2 Qb7+ 38. Kh2 fxe5 39. Re2 h6 40. fxe5 Ng5 41. Rf2 Nf3+ 42. Rxf3 Qxf3 43. e6 Rd1 44. Bxg7+ Kxg7 45. Qe5+ Kg6 0-1

[Event "3rd FIDE WCCC Blitz U12 2019"]
[Site "Minsk"]
[Date "2019.08.18"]
[Round "8.4"]
[White "Pidluznij, Gleb"]
[Black "Nemsadze, Daviti"]
[Result "1-0"]
[ECO "A42"]
[WhiteElo "1925"]
[BlackElo "1773"]
[Annotator "NA"]
[PlyCount "79"]
[EventDate "2019.08.18"]
[EventType "swiss"]
[EventCountry "BLR"]
[SourceTitle "playchess.com"]
[Source "ChessBase"]
[SourceQuality "1"]
[TimeControl "300+2"]

1. d4 g6 2. c4 Bg7 3. Nc3 d6 4. e4 Nc6 5. Nf3 e5 6. d5 Nd4 7. Be2 c5 8. dxc6 bxc6 9. Be3 c5 10. O-O Ne7 11. Nd5 Nxd5 12. cxd5 O-O 13. Nd2 f5 14. f3 Qe7 15. Nc4 Bd7 16. b3 Rfb8 17. Bd2 Bb5 18. Bd3 f4 19. Rb1 Bf8 20. Nb2 Bxd3 21. Nxd3 a5 22. Nb2 Qa7 23. Kh1 Be7 24. Rc1 Bd8 25. Rc4 Qd7 26. Ra4 Qb5 27. Bc3 Bc7 28. Nc4 Kf7 29. Qd2 Ra6 30. Rc1 Rba8 31. Bxd4 cxd4 32. Nxe5+ dxe5 33. Rxc7+ Kf6 34. Rcc4 Rd8 35. Qe1 Rb8 36. Qh4+ Kf7 37. Qxh7+ Kf6 38. Qh4+ Kf7 39. Rc7+ Kf8 40. Qh8# 1-0

[Event "3rd FIDE WCCC Blitz U12 2019"]
[Site "Minsk"]
[Date "2019.08.18"]
[Round "8.5"]
[White "Hoang, Minh Hieu"]
[Black "Matviienko, Mykhailo"]
[Result "0-1"]
[ECO "E16"]
[WhiteElo "1685"]
[BlackElo "1755"]
[Annotator "NA"]
[PlyCount "119"]
[EventDate "2019.08.18"]
[EventType "swiss"]
[EventCountry "BLR"]
[SourceTitle "playchess.com"]
[Source "ChessBase"]
[SourceQuality "1"]
[TimeControl "300+2"]

1. d4 Nf6 2. c4 e6 3. Nf3 b6 4. g3 Bb7 5. Bg2 Bb4+ 6. Bd2 Be7 7. O-O O-O 8. Nc3 d5 9. Ne5 c6 10. Bf4 Nfd7 11. Rc1 Nxe5 12. Bxe5 Nd7 13. Bf4 Nf6 14. cxd5 cxd5 15. Qb3 Qd7 16. Rc2 Rfc8 17. Rfc1 Ba6 18. Qa4 Qxa4 19. Nxa4 Rxc2 20. Rxc2 Rc8 21. Rxc8+ Bxc8 22. Bb8 b5 23. Nc5 a6 24. b4 Nd7 25. Bc7 Nxc5 26. bxc5 Bb7 27. f3 Bf6 28. e3 Kf8 29. Kf2 Ke8 30. Ke2 Kd7 31. Bd6 Bd8 32. Kd3 f5 33. e4 g6 34. exf5 exf5 35. h4 a5 36. Ke3 Ke6 37. Bf1 Bc6 38. Bd3 Bf6 39. Bc7 a4 40. a3 Kd7 41. Be5 Bd8 42. h5 Ke6 43. g4 Bg5+ 44. Bf4 Bd8 45. Be5 Ba5 46. Bg3 Bc3 47. Bc2 Bb2 48. Be1 Bxa3 49. Bd2 b4 50. gxf5+ gxf5 51. Kf4 b3 52. Bxf5+ Ke7 53. Bxh7 Bb2 54. Bb4 Bxd4 55. Bb1 Bb2 56. Kf5 a3 57. Bxa3 Bxa3 58. h6 Bb2 59. Kg6 Be8+ 60. Kg5 0-1

[Event "3rd FIDE WCCC Blitz U12 2019"]
[Site "Minsk"]
[Date "2019.08.18"]
[Round "9.1"]
[White "Mochalov, Dmitriy"]
[Black "Strybuk, Artsiom I"]
[Result "1/2-1/2"]
[ECO "C67"]
[WhiteElo "1852"]
[BlackElo "2200"]
[Annotator "ChessBase"]
[PlyCount "76"]
[EventDate "2019.08.18"]
[EventType "swiss"]
[EventCountry "BLR"]
[SourceTitle "playchess.com"]
[Source "ChessBase"]
[SourceQuality "1"]
[TimeControl "300+2"]

1. e4 e5 2. Nf3 Nc6 3. Bb5 Nf6 4. O-O Nxe4 5. d4 Nd6 6. Bxc6 dxc6 7. dxe5 Nf5 8. Qxd8+ Kxd8 9. c4 Be7 10. b3 Ke8 11. Bb2 Be6 12. Nc3 Rd8 13. Rad1 h6 14. Ne4 b6 15. h3 h5 16. Kh1 Rh6 17. Rxd8+ Bxd8 18. Rd1 Be7 19. Rd3 c5 20. Nc3 a6 21. Nd5 Bd8 22. Nf4 Ne7 23. Nxe6 fxe6 24. Bc1 Rh8 25. Bg5 Nc6 26. Bxd8 Nxd8 27. Ng5 Ke7 28. f4 Rf8 29. g3 h4 30. Kg2 hxg3 31. Kxg3 Nc6 32. Nf3 Rh8 33. a3 Rb8 34. Kg4 Na5 35. Rc3 Nc6 36. Rd3 Na5 37. Rc3 Nc6 38. Rd3 Na5 1/2-1/2

[Event "3rd FIDE WCCC Blitz U12 2019"]
[Site "Minsk"]
[Date "2019.08.18"]
[Round "9.2"]
[White "Khubukshanov, Erdem"]
[Black "Matviienko, Mykhailo"]
[Result "1-0"]
[ECO "A48"]
[WhiteElo "2257"]
[BlackElo "1755"]
[Annotator "ChessBase"]
[PlyCount "94"]
[EventDate "2019.08.18"]
[EventType "swiss"]
[EventCountry "BLR"]
[SourceTitle "playchess.com"]
[Source "ChessBase"]
[SourceQuality "1"]
[TimeControl "300+2"]

1. Nf3 Nf6 2. d4 g6 3. Nc3 d5 4. Bf4 Bg7 5. Nb5 Na6 6. e3 O-O 7. h4 c6 8. Nc3 Nc7 9. Ne5 Nd7 10. h5 Nxe5 11. Bxe5 f6 12. Bxc7 Qxc7 13. hxg6 hxg6 14. Bd3 f5 15. Qf3 Bd7 16. O-O-O e6 17. Qh3 Kf7 18. g4 Rh8 19. Qg2 Rxh1 20. Rxh1 Rh8 21. Rg1 Bf6 22. Ne2 Be8 23. Nf4 Ke7 24. gxf5 gxf5 25. Rh1 Bf7 26. Rxh8 Bxh8 27. Qh2 Qd8 28. Qh7 Qg8 29. Qxg8 Bxg8 30. Ng6+ Kf7 31. Nxh8+ Kg7 32. a4 Kxh8 33. a5 Kg7 34. Kd2 b6 35. axb6 axb6 36. Ke2 Kf6 37. Kf3 Bf7 38. Kf4 Be8 39. Ba6 Bh5 40. b4 Be8 41. Bc8 Ke7 42. Ke5 Bd7 43. Bxd7 Kxd7 44. Kf6 Kd6 45. f4 b5 46. Kf7 Kd7 47. c3 Kd6 1-0

[Event "3rd FIDE WCCC Blitz U12 2019"]
[Site "Minsk"]
[Date "2019.08.18"]
[Round "9.3"]
[White "Israfilov, Ali"]
[Black "Pidluznij, Gleb"]
[Result "0-1"]
[ECO "E91"]
[WhiteElo "1857"]
[BlackElo "1925"]
[Annotator "NA"]
[PlyCount "84"]
[EventDate "2019.08.18"]
[EventType "swiss"]
[EventCountry "BLR"]
[SourceTitle "playchess.com"]
[Source "ChessBase"]
[SourceQuality "1"]
[TimeControl "300+2"]

1. d4 Nf6 2. c4 g6 3. Nc3 Bg7 4. e4 d6 5. Nf3 O-O 6. Be2 c5 7. O-O Nc6 8. d5 Na5 9. h3 e5 10. Be3 Ne8 11. Nd2 f5 12. f3 f4 13. Bf2 Bd7 14. a3 b6 15. b4 Nb7 16. Rb1 g5 17. Nb3 h5 18. bxc5 Nxc5 19. Nxc5 bxc5 20. Rb7 Qc8 21. Qb3 g4 22. hxg4 hxg4 23. Rb1 g3 24. Be1 Qd8 25. Kf1 Qh4 26. Bf2 gxf2 27. Rxd7 Nf6 28. Qb7 Nxd7 29. Qxd7 Bf6 30. Qg4+ Qxg4 31. fxg4 Rab8 32. Kxf2 Rxb1 33. Nxb1 Rb8 34. Nc3 a6 35. g5 Bxg5 36. Na4 Rb3 37. Bg4 Rxa3 38. Nb6 Kf8 39. Nc8 Be7 40. Be6 a5 41. Bh3 a4 42. Nb6 Rxh3 0-1

[Event "3rd FIDE WCCC Blitz U12 2019"]
[Site "Minsk"]
[Date "2019.08.18"]
[Round "9.4"]
[White "Yatchenko, Leonid"]
[Black "Kolesov, Gordey"]
[Result "1-0"]
[ECO "C54"]
[WhiteElo "1587"]
[BlackElo "1761"]
[Annotator "NA"]
[PlyCount "101"]
[EventDate "2019.08.18"]
[EventType "swiss"]
[EventCountry "BLR"]
[SourceTitle "playchess.com"]
[Source "ChessBase"]
[SourceQuality "1"]
[TimeControl "300+2"]

1. e4 e5 2. Nf3 Nc6 3. Bc4 Bc5 4. c3 Nf6 5. d3 d6 6. h3 h6 7. O-O O-O 8. Be3 Bb6 9. Nbd2 Bxe3 10. fxe3 d5 11. exd5 Nxd5 12. Qe2 Be6 13. Ne4 Qe7 14. Bb3 Rad8 15. Rfe1 Bf5 16. Ned2 Qc5 17. d4 Qe7 18. Bxd5 Rxd5 19. e4 Rdd8 20. exf5 Qd7 21. Nxe5 Nxe5 22. Qxe5 Rfe8 23. Qf4 Qb5 24. b3 Qc6 25. Qf3 Qb6 26. Nc4 Qb5 27. f6 g6 28. Qf2 Qg5 29. Ne5 c5 30. Nd3 cxd4 31. cxd4 Qb5 32. Rxe8+ Rxe8 33. Re1 Rd8 34. Ne5 Qb4 35. Rd1 Qb5 36. Qe3 Qb4 37. Qxh6 Qf8 38. Qxf8+ Kxf8 39. d5 b5 40. d6 b4 41. d7 Kg8 42. Nc6 Rxd7 43. Rxd7 a5 44. Ne7+ Kh7 45. Rd4 g5 46. g4 a4 47. h4 axb3 48. axb3 Kh6 49. Rd5 Kh7 50. Rxg5 Kh8 51. Rh5# 1-0

[Event "3rd FIDE WCCC Blitz U12 2019"]
[Site "Minsk"]
[Date "2019.08.18"]
[Round "9.5"]
[White "Kopylov, Artem"]
[Black "Navumenka, Mikhei"]
[Result "0-1"]
[ECO "A50"]
[WhiteElo "1901"]
[BlackElo "2148"]
[Annotator "ChessBase"]
[PlyCount "64"]
[EventDate "2019.08.18"]
[EventType "swiss"]
[EventCountry "BLR"]
[SourceTitle "playchess.com"]
[Source "ChessBase"]
[SourceQuality "1"]
[TimeControl "300+2"]

1. d4 Nf6 2. c4 b6 3. d5 c5 4. Nc3 e5 5. e4 d6 6. Nf3 g6 7. h3 Bg7 8. Bd3 O-O 9. O-O Nh5 10. a3 Nf4 11. b4 Nd7 12. b5 f5 13. a4 Nf6 14. Bc2 fxe4 15. Nxe4 Bf5 16. Ng3 Bxc2 17. Qxc2 N6h5 18. Ne4 Nxh3+ 19. gxh3 Rxf3 20. Ng5 Rf5 21. Ne6 Qh4 22. Ra3 Nf4 23. Bxf4 exf4 24. Rf3 Be5 25. Kh2 Qh5 26. Qd3 Kh8 27. Rg1 Rg8 28. Qe4 Rf6 29. Nxf4 Rgf8 30. Rg4 Rxf4 31. Rfxf4 Rxf4 32. Rxf4 Qg5 0-1

[Event "3rd FIDE WCCC Blitz U12 2019"]
[Site "Minsk"]
[Date "2019.08.18"]
[Round "9.6"]
[White "Chyndygyr, Tamerlan"]
[Black "Bialiauski, Artsiom"]
[Result "1-0"]
[ECO "E11"]
[WhiteElo "1984"]
[BlackElo "1844"]
[Annotator "NA"]
[PlyCount "137"]
[EventDate "2019.08.18"]
[EventType "swiss"]
[EventCountry "BLR"]
[SourceTitle "playchess.com"]
[Source "ChessBase"]
[SourceQuality "1"]
[TimeControl "300+2"]

1. d4 Nf6 2. c4 e6 3. Nf3 Bb4+ 4. Nbd2 O-O 5. a3 Be7 6. e3 d5 7. Bd3 b6 8. O-O Bb7 9. b3 Nbd7 10. Bb2 c5 11. cxd5 Nxd5 12. Rc1 Rc8 13. Qe2 N5f6 14. Ne5 cxd4 15. exd4 Nd5 16. Rxc8 Qxc8 17. Qg4 N7f6 18. Qh4 h6 19. Rc1 Qd8 20. Bb1 Bd6 21. Ndc4 b5 22. Nxd6 Qxd6 23. Qg3 Rc8 24. Qd3 Rxc1+ 25. Bxc1 a6 26. h4 Kf8 27. g4 Nd7 28. Bb2 Nxe5 29. dxe5 Qc6 30. Qf3 Ne7 31. Qxc6 Bxc6 32. Bd4 Ke8 33. Kh2 Kd7 34. Kg3 Bd5 35. Bc2 Nc6 36. Bc3 Ke7 37. h5 a5 38. b4 axb4 39. axb4 Bc4 40. Be4 Nd8 41. Bd4 Kf8 42. Bc5+ Ke8 43. f4 Kd7 44. Bf8 g5 45. Bxh6 gxf4+ 46. Bxf4 Ke8 47. Bg5 Bd5 48. Bd3 Nc6 49. Bxb5 Kf8 50. Bxc6 Bxc6 51. Bf6 Kg8 52. Kf4 Bb5 53. Ke3 Bc6 54. g5 Kh7 55. Kd4 Bb5 56. Kc5 Be2 57. h6 Bf1 58. b5 Be2 59. b6 Bf3 60. Kd6 Kg8 61. Kc7 Bg2 62. b7 Bxb7 63. Kxb7 Kh7 64. Kc7 Kg6 65. Kd7 Kh7 66. Ke7 Kg6 67. h7 Kxh7 68. Kf8 Kg6 69. Kg8 1-0